 Dungeon Crawl Stone Soup version 0.28-a0-643-g84cb2ea78e (webtiles) character file.

Game seed: 15645690387979816308

39 Sabo the Shield-Bearer (level 3, 0/30 HPs)
             Began as a Formicid Fighter on Oct 11, 2021.
             Slain by an adder (3 damage)
             ... on level 2 of the Dungeon.
             The game lasted 00:06:09 (1343 turns).

Sabo the Shield-Bearer (Formicid Fighter)           Turns: 1343, Time: 00:06:09

Health: 0/30       AC: 10    Str: 21    XL:     3   Next: 70%
Magic:  3/3        EV:  7    Int:  7    God:
Gold:   63         SH:  4    Dex: 10    Spells: 2/2 levels left

rFire   . . .      SeeInvis +   i - +0 glaive
rCold   . . .      Faith    .   c - +0 buckler
rNeg    . . .      Spirit   .   e - +0 chain mail
rPois   .          Reflect  .   (helmet unavailable)
rElec   .          Harm     .   (no cloak)
rCorr   .          Rampage  .   j - +0 pair of gloves
Will    .....                   (no boots)
Stlth   ..........              (no amulet)
HPRegen 0.10/turn               (no ring)
MPRegen 0.08/turn               (no ring)

@: no status effects
A: permanent stasis, dig shafts and tunnels, antennae 3, four strong arms
a: Dig, Shaft Self


You were on level 2 of the Dungeon.
You visited 1 branch of the dungeon, and saw 2 of its levels.

You collected 63 gold pieces.

Inventory:

Hand Weapons
 a - a +0 quarterstaff
 i - a +0 glaive (weapon)
 n - a +2 dagger of protection
Missiles
 f - 14 poisoned darts
Armour
 c - a +0 buckler (worn)
 e - a +0 chain mail (worn)
 j - a +0 pair of gloves (worn)
Scrolls
 b - a scroll of teleportation {unknown}
 g - a scroll of amnesia {unknown}
 h - a scroll of enchant weapon {unknown}
 k - a scroll of acquirement {unknown}
 m - a scroll of blinking {unknown}
Potions
 d - a potion of might
 l - 2 potions of berserk rage {unknown}


   Skills:
 + Level 3.7 Fighting
 + Level 0.8(1.7) Polearms
 + Level 2.3(2.4) Staves
 + Level 3.8 Armour
 + Level 0.1 Dodging
 + Level 4.0 Shields


You had 2 spell levels left.
You didn't know any spells.
Your spell library contained the following spells:

 Spells                   Type           Power      Damage    Failure   Level
 Sandblast                Erth           0%         2d4       99%         1
 Passwall                 Tmut/Erth      0%         N/A       100%        2
 Stone Arrow              Conj/Erth      0%         3d7       100%        3


Dungeon Overview and Level Annotations

Branches:
Dungeon (2/15)

Altars:

Annotations:
D:2 Sigmund


Innate Abilities, Weirdness & Mutations

You cannot be hasted, slowed, berserked, paralysed or teleported.
You can dig through walls and to a lower floor.
You have a pair of large antennae on your head. (SInv)
Your four strong arms can wield two-handed weapons with a shield.


Message History

You closely miss the goblin. The goblin hits you but does no damage.
You slash the goblin!
You kill the goblin!
Things that are here:
a +2 dagger of protection; a goblin corpse
Things that are here:
a +2 dagger of protection; a goblin corpse
n - a +2 dagger of protection
There is an escape hatch in the ceiling here.
As you open the door, it creaks loudly!
You hear an angry hiss.
There is an open door here.
There is an escape hatch in the ceiling here.
Sigmund the Dreaded comes into view.
He is wielding a +3 vampiric scythe.
Sigmund shouts!
Sigmund gestures wildly while chanting.
Sigmund flickers and vanishes for a moment.
Sigmund points at you and mumbles some strange words.
You are confused.
You bump into the rock wall.
An adder comes into view.
An adder comes into view.
The adder hisses angrily.
Sigmund hits you from afar with a +3 vampiric scythe!
Sigmund points at you and mumbles some strange words.
The magic dart hits you.
You feel less confused.
Sigmund hits you from afar with a +3 vampiric scythe.
Sigmund looks at you with fury.
Sigmund hits you with a +3 vampiric scythe!
* * * LOW HITPOINT WARNING * * *
The adder completely misses you. The adder bites you but does no damage.
You block Sigmund's attack.
You closely miss the adder. The adder bites you.
* * * LOW HITPOINT WARNING * * *
The adder bites you but does no damage. x2; The adder closely misses you.
Sigmund hits you with a +3 vampiric scythe.
* * * LOW HITPOINT WARNING * * *
You closely miss Sigmund. The adder bites you but does no damage.
The adder bites you.
You die...

....... ...... .....
...### .... ..
.######..###....
........S.......
...........@@######..
###.#........##.S.......
...+.........#...#####.
###.##.........#...#
#).............#...#
#.#....##......#...#
#......##......#.#.#
.....'##.........#.#
.....†......†.<..#.#


You could see Sigmund (invisible) and 2 adders.

Vanquished Creatures
  An adder (D:2)
  An orc (D:2)
  4 endoplasms
  2 giant cockroaches (D:2)
  3 goblins
  4 hobgoblins
  A quokka (D:2)
  2 ball pythons
  A bat (D:1)
  2 frilled lizards
  2 kobolds
  5 rats
28 creatures vanquished.

Notes
Turn   | Place    | Note
-------+----------+-------------------------------------------
     0 | D:1      | Sabo the Formicid Fighter began the quest for the Orb.
     0 | D:1      | Reached XP level 1. HP: 18/18 MP: 1/1
   384 | D:1      | Reached XP level 2. HP: 24/24 MP: 2/2
   901 | D:2      | Reached skill level 4 in Shields
   901 | D:2      | Reached XP level 3. HP: 19/29 MP: 3/3
  1329 | D:2      | Noticed Sigmund
  1343 | D:2      | Slain by an adder

Illustrated notes

Levels and vault maps discovered:
D:1:      dpeg_arrival_signposts, layout_basic, minmay_misc_feat_room
D:2:      layout_basic, basic_altar, uniq_sigmund

Skill      XL: |  1  2 |
---------------+-------+-----
Shields        | 4 |  4.0
Fighting       | |  3.7
Polearms       | |  0.8
Staves         | |  2.3
Armour         | |  3.8
Dodging        | |  0.1

Action                   || total
-------------------------++-------
Melee: Quarterstaff      ||    31
       Glaive            ||    53
Armor: Chain mail        ||    50
       Scale mail        ||     3
Dodge: Dodged            ||    26
Block: Buckler           ||    24

Table legend: (Time is in decaauts)
 A = Elapsed time spent in this place.
 B = Non-inter-level travel time spent in this place.
 C = Inter-level travel time spent in this place.
 D = Time resting spent in this place.
 E = Time spent auto-exploring this place.
 F = Levels seen in this place.
 G = Mean time per level.
                   A        B        C        D        E       F      G
               +--------+--------+--------+--------+--------+-----+--------+
         Total |   1381 |   1381 |      0 |    400 |      0 |   2 |  690.5 |
       Dungeon |   1381 |   1381 |      0 |    400 |      0 |   2 |  690.5 |
               +--------+--------+--------+--------+--------+-----+--------+

Top non-repeatable levels by time:
     D:1: 723 daAuts
     D:2: 658 daAuts
